 Dungeon Crawl Stone Soup version 0.30-a0-137-gd8773701ce (webtiles) character file.

Game seed: 16477701404984337093

596 juncz the Magician (level 7, -1/81 HPs)
             Began as a Djinni Conjurer on Sept 22, 2022.
             Slain by an orc warrior
             ... wielding a +0 trident
              (6 damage)
             ... on level 4 of the Dungeon.
             The game lasted 00:11:06 (4723 turns).

juncz the Magician (Djinni Conjurer)                Turns: 4723, Time: 00:11:06

Health: -1/81      AC: 23    Str:  6    XL:     7   Next: 67%
Gold:   196        EV:  2    Int: 22    God:
                   SH:  0    Dex: 11

rFire   . . .      SeeInvis .    g - staff of poison
rCold   . . .      Faith    .    (no shield)
rNeg    . . .      Spirit   .    (body armour currently unavailable)
rPois   ∞          Reflect  .    (helmet currently unavailable)
rElec   .          Harm     .    (cloak currently unavailable)
rCorr   .          Rampage  .    (gloves currently unavailable)
Will    .....      NoTele   +    (boots unavailable)
Stlth   ++........               (no amulet)
HPRegen 0.23/turn                (no ring)
MPRegen 0.00/turn                (no ring)

@: tree-form, very slightly contaminated, hasted, very quick
A: stationary, stasis, torment immunity, boosted hp, sickness immunity, (fire
resistance 2), (cold vulnerability 1), float, innate caster, HP casting, extra
vitality 1
a: no special abilities


You were on level 4 of the Dungeon.
You were a tree.
You visited 1 branch of the dungeon, and saw 4 of its levels.
You also visited: Sewer.

You collected 196 gold pieces.

Inventory:

Missiles
 s - 2 throwing nets
Armour
 a - a +0 robe
 l - a +2 robe of willpower (melded)
 n - a +1 pair of gloves (melded)
Magical Staves
 g - a staff of poison (weapon)
Wands
 k - a wand of charming (3)
Scrolls
 b - 2 scrolls of magic mapping {unknown}
 c - 8 scrolls of identify {unknown}
 e - a scroll of fog {unknown}
 i - a scroll of silence {unknown}
 m - 2 scrolls of teleportation {unknown}
 p - a scroll of immolation {unknown}
 q - a scroll of vulnerability {unknown}
 r - 2 scrolls of fear {unknown}
Potions
 d - 4 potions of heal wounds {unknown}
 f - a potion of haste
 h - a potion of curing {unknown}
 j - a potion of magic {unknown}
 o - a potion of lignification
 t - a potion of invisibility {unknown}


   Skills:
 + Level 5.3 Fighting
 - Level 2.1 Dodging
 - Level 1.5 Stealth
 + Level 5.3 Spellcasting


You couldn't memorise any spells.
You knew the following spells:

 Your Spells              Type           Power      Damage    Failure   Level
a - Magic Dart            Conj           100%       1d8       1%          1
b - Searing Ray           Conj           58%        2d6       1%          2
c - Dazzling Flash        Conj/Hex       58%        N/A       3%          3
d - Fulminant Prism       Conj/Hex       14%        3d9       11%         4
e - Iskenderun's Mystic   Conj/Tloc      29%        2d7       11%         4
f - Sting                 Tmut/Pois      100%       1d8       1%          1
g - Call Imp              Summ           29%        N/A       1%          2
h - Poisonous Vapours     Pois/Air       86%        N/A       1%          2
Your spell library was empty.

Dungeon Overview and Level Annotations

Branches:
Dungeon (4/15)              Sewer (visited)
 Temple: D:4-7

Altars:
Ru

Shops:
D:3 ((:(


Innate Abilities, Weirdness & Mutations

You are a tree.
Your roots penetrate the ground, keeping you stationary.
You cannot be teleported.
You are immune to unholy pain and torment.
Your maximum health is greatly increased.
Your equipment is partially melded.
You are immune to sickness and miasma.
You are immune to poison.
((Your flesh is very heat resistant. (rF++)))
((You are vulnerable to cold. (rC-)))
You float through the air rather than walking.
You learn spells naturally, not from books.
Your magical power is your life essence.
You have superior vitality. (+4 MHP)


Message History

The mystic blast hits the orc!
You kill the orc!
An ufetubus comes into view.
The ufetubus moves out of view.
Casting: Iskenderun's Mystic Blast (dangerous; 11% risk of failure)
Confirm with . or Enter, or press ? or * to list all spells.
You erupt in a blast of force!
The mystic blast hits the orc warrior!
The orc warrior is almost dead.
The orc warrior is knocked back by the mystic blast.
The orc warrior slams into the rock wall!
The orc warrior is almost dead.
* * * LOW HITPOINT WARNING * * *
Casting: Iskenderun's Mystic Blast (dangerous; 11% risk of failure)
Confirm with . or Enter, or press ? or * to list all spells.
You miscast Iskenderun's Mystic Blast.
You are very lightly contaminated with residual magic.
Energy rips through your body.
* * * LOW HITPOINT WARNING * * *
x2 The orc warrior hits you from afar with a +0 trident.
* * * LOW HITPOINT WARNING * * *
The orc hits you with a +0 war axe.
* * * LOW HITPOINT WARNING * * *
It was a potion of lignification.
You turn into a tree.
Your +1 pair of gloves melds into your body.
Your +2 robe of willpower melds into your body.
You feel less strong-willed.
Your roots penetrate the ground.
The orc warrior hits you but does no damage.
The orc hits you but does no damage.
Casting: Iskenderun's Mystic Blast (dangerous; 11% risk of failure)
Confirm with . or Enter, or press ? or * to list all spells.
Okay, then.
Aiming: Charm
Press: ? - help, Shift-Dir - straight line, f - orc
Aim: an orc, wielding a +0 war axe (chance to affect: 66%)
The orc is charmed.
Something hits your orc. x2
Your orc dies!
The orc warrior hits you but does no damage.
It was a potion of haste.
You feel yourself speed up.
The orc warrior hits you from afar with a +0 trident.
You die...

#######..##.##
#..###.# #.##
#.## .. ##.#
### #.## ##.#
#.## ##.# #♣#
##5# o). .###
.. .. ... ...


You could see an orc warrior and an ufetubus.

Vanquished Creatures
  An orc warrior (D:4)
  3 kobold brigands (Sewer)
  2 orc priests
  An iguana (D:4)
  2 orc wizards
  5 adders
  3 river rats (Sewer)
  A worm (D:4)
  4 dart slugs
  8 orcs
  5 ball pythons
  3 endoplasms
  3 giant cockroaches
  2 goblins
  6 hobgoblins
  3 jackals
  3 quokkas
  3 bats
  6 frilled lizards
  7 kobolds
  7 rats
78 creatures vanquished.

Vanquished Creatures (others)
  An orc (D:4)
  6 plants (Sewer)
7 creatures vanquished.

Grand Total: 85 creatures vanquished

Notes
Turn   | Place    | Note
-------+----------+-------------------------------------------
     0 | D:1      | juncz the Djinni Conjurer began the quest for the Orb.
     0 | D:1      | juncz set off with the following spells memorised: Magic
                  | Dart, Searing Ray, Dazzling Flash, Fulminant Prism,
                  | Iskenderun's Mystic Blast.
     0 | D:1      | Reached XP level 1. HP: 15/15 MP: 0/0
   551 | D:1      | Reached skill level 1 in Fighting
   551 | D:1      | Reached XP level 2. HP: 19/22 MP: 0/0
   888 | D:1      | You are sucked into a shaft and drop 1 floor!
  1075 | D:1      | Found a faded altar of an unknown god.
  1438 | D:2      | Reached XP level 3. HP: 25/27 MP: 0/0
  1438 | D:2      | Learned a level 1 spell: Sting
  1655 | D:2      | Reached XP level 4. HP: 30/33 MP: 0/0
  2151 | D:2      | Reached XP level 5. HP: 39/40 MP: 0/0
  2151 | D:2      | Learned a level 2 spell: Call Imp
  2210 | D:2      | Found a sacrificial altar of Ru.
  2371 | D:3      | Found Fituczis's Antique Weapon Boutique.
  2482 | D:3      | Found Vuskik's Weapon Boutique.
  2562 | D:3      | Found Moegar's Weapon Shoppe.
  2563 | D:3      | Found Leafokes's Book Shoppe.
  3089 | D:4      | Found a glowing drain.
  3094 | Sewer    | Entered a sewer
  3116 | Sewer    | Noticed a kobold brigand
  3166 | Sewer    | Killed a kobold brigand
  3167 | Sewer    | Reached XP level 6. HP: 21/47 MP: 0/0
  3660 | Sewer    | Reached XP level 7. HP: 34/53 MP: 0/0
  3660 | Sewer    | Learned a level 2 spell: Poisonous Vapours
  3952 | Sewer    | Reached skill level 5 in Spellcasting
  4715 | D:4      | Reached skill level 5 in Fighting
  4723 | D:4      | Slain by an orc warrior

Illustrated notes

Levels and vault maps discovered:
D:1:      arrival_zaba_pyramid, layout_loops_ring,
          ebering_ecumenical_altar_petrified
D:2:      layout_rooms, basic_altar, supply_closet_lemuel
D:3:      layout_basic, serial_shops, shop_statue, shop,
          nicolae_shop_hallway_plus, nicolae_shop_bloodbath_and_beyond
D:4:      layout_cave_pods, lemuel_zombie_altar_yredelemnul,
          mainiacjoe_overflow_24_doors, temple_fountains, gup_sewer_entry_spiral

Skill      XL: |  1  2  3  4  5  6  7 |
---------------+----------------------+-----
Fighting       | 1 2 3 4 5 |  5.3
Spellcasting   | 4 5 |  5.3
Dodging        | |  2.1
Stealth        | |  1.5

Action                   |  1- 3 |  4- 6 |  7- 9 || total
-------------------------+-------+-------+-------++-------
Melee: Staff             |       |     2 |     1 ||     3
 Cast: Magic Dart        |    43 |    65 |    11 ||   119
       Sting             |     2 |    45 |       ||    47
       Iskenderun's Myst |       |     2 |     9 ||    11
       Poisonous Vapours |       |       |    20 ||    20
Evoke: Wand              |       |     2 |     1 ||     3
  Use: Potion            |       |       |     2 ||     2
Armor: Robe              |     2 |     7 |     1 ||    10
       Skin              |       |       |     3 ||     3
Dodge: Dodged            |     2 |    16 |     5 ||    23

Table legend: (Time is in decaauts)
 A = Elapsed time spent in this place.
 B = Non-inter-level travel time spent in this place.
 C = Inter-level travel time spent in this place.
 D = Time resting spent in this place.
 E = Time spent auto-exploring this place.
 F = Levels seen in this place.
 G = Mean time per level.
                   A        B        C        D        E       F      G
               +--------+--------+--------+--------+--------+-----+--------+
         Total |   4722 |   4656 |     66 |    976 |   3168 |   5 |  944.4 |
       Dungeon |   3379 |   3313 |     66 |    504 |   2470 |   4 |  844.8 |
         Sewer |   1343 |   1343 |      0 |    472 |    698 |   1 | 1343.0 |
               +--------+--------+--------+--------+--------+-----+--------+

Top non-repeatable levels by time:
     D:1: 1416 daAuts
   Sewer: 1343 daAuts
     D:2: 851 daAuts
     D:4: 560 daAuts
     D:3: 550 daAuts
